 Dungeon Crawl Stone Soup version 0.23.2-40-g277498a001 (webtiles) character file.

Game seed: 15026131412717850500

71 Descartes the Digger (level 4, 0/32 HPs)
             Began as a Formicid Earth Elementalist on Sept 6, 2019.
             Succumbed to a worker ant's poison
             ... on level 2 of the Dungeon.
             The game lasted 00:06:55 (1878 turns).

Descartes the Digger (Formicid Earth Elementalist)  Turns: 1878, Time: 00:06:56

Health: 0/32       AC:  4    Str: 13    XL:     4   Next: 47%
Magic:  4/8        EV: 12    Int: 15    God:
Gold:   44         SH:  0    Dex: 13    Spells: 4/8 levels left

rFire    . . .     SeeInvis +   j - +0 short sword
rCold    . . .     Gourm    +   (no shield)
rNeg     . . .     Faith    .   q - +0 leather armour
rPois    .         Spirit   .   (helmet unavailable)
rElec    .         Reflect  .   (no cloak)
rCorr    .         Harm     .   (no gloves)
MR       +....                  f - +0 pair of boots
Stlth    ++........             h - amulet of the gourmand
HPRegen  0.10/turn              (no ring)
MPRegen  0.11/turn              (no ring)

@: lethally poisoned (0 -> -11)
A: permanent stasis, dig shafts and tunnels, four strong arms, antennae 3, agile
1, blurry vision 1, magic resistance 1, subdued magic 1
a: Dig, Shaft Self


You were on level 2 of the Dungeon.
You were completely stuffed.

You visited 1 branch of the dungeon, and saw 2 of its levels.

You collected 44 gold pieces.

Inventory:

Hand Weapons
 j - a +0 short sword (weapon)
Missiles
 b - 9 stones (quivered)
 e - 22 arrows
 g - 33 sling bullets
 m - 47 bolts
Armour
 c - a +0 robe
 f - a +0 pair of boots (worn)
 q - a +0 leather armour (worn)
Jewellery
 h - an amulet of the gourmand (around neck)
Scrolls
 a - a scroll of blinking {unknown}
 i - a scroll of amnesia
 o - a scroll of teleportation {unknown}
 p - a scroll of noise {unknown}
Potions
 k - 2 potions of brilliance
 l - a potion of ambrosia
Comestibles
 d - 6 rations
 n - 2 chunks of flesh


   Skills:
 + Level 1.0 Fighting
 + Level 1.1 Armour
 + Level 2.0 Dodging
 + Level 2.8 Stealth
 * Level 2.8 Spellcasting
 * Level 0.7 Conjurations
   Level 1.1 Transmutations
 * Level 4.4 Earth Magic


You had 4 spell levels left.
You knew the following spells:

 Your Spells              Type           Power        Failure   Level  Hunger
a - Stone Arrow           Conj/Erth      #.....       22%         3    ###....
b - Sandblast             Erth           ##....       3%          1    #......

Your spell library contained the following spells:

 Spells                   Type           Power        Failure   Level  Hunger
 Passwall                 Tmut/Erth      #.......     11%         2    ##.....
 Petrify                  Tmut/Erth      #.......     58%         4    #####..
 Lee's Rapid Deconstruct  Erth           ##........   71%         5    ######.


Dungeon Overview and Level Annotations

Branches:
Dungeon (2/15)

Altars:


Innate Abilities, Weirdness & Mutations

You cannot be hasted, slowed, berserked, paralysed or teleported.
You can dig through walls and to a lower floor.
Your four strong arms can wield two-handed weapons with a shield.
You have a pair of large antennae on your head. (SInv)
You are agile. (Dex +2)
Scrolls take you a little longer to read.
You are resistant to hostile enchantments. (MR+)
Your spells are a little easier to cast, but a little less powerful.


Message History

You feel sick. The worker ant bites you. The worker ant misses you.
You hit the worker ant but do no damage.
The worker ant is heavily wounded.
You feel sick.
The worker ant bites you but does no damage.
You hit the worker ant but do no damage.
The worker ant is heavily wounded.
You feel sick. The worker ant barely misses you.
You barely miss the worker ant.
The worker ant is heavily wounded.
The worker ant bites you. x2
* * * LOW HITPOINT WARNING * * *
You are lethally poisoned!
The worker ant poisons you!
You hit the worker ant.
The worker ant is severely wounded.
* * * LOW HITPOINT WARNING * * *
You feel sick. The worker ant bites you.
* * * LOW HITPOINT WARNING * * *
You die...

# #.# ##.#.#
#.####....?#
#........#..
#..###......
#.....#...#.
##.##.#.....
#.##.#.# #a##
#.#...### #.## ##
#.......# ##@# .#
#.......# #.#
.####.......# ##.#
...##.......###.##
##..........##.##
..............##
............###
..#.........#
#..........##


You could see a worker ant.

Vanquished Creatures
  2 adders (D:2)
  A worm (D:2)
  3 dart slugs
  A leopard gecko (D:2)
  2 giant cockroaches
  A goblin (D:1)
  6 hobgoblins
  A quokka (D:2)
  10 bats
  A frilled lizard (D:1)
  10 kobolds
  6 rats
44 creatures vanquished.

Notes
Turn   | Place    | Note
-------+----------+-------------------------------------------
     0 | D:1      | Descartes the Formicid Earth Elementalist began the quest
                  | for the Orb.
     0 | D:1      | Reached XP level 1. HP: 13/13 MP: 3/3
   105 | D:1      | Reached XP level 2. HP: 20/20 MP: 3/5
   410 | D:1      | Reached skill level 4 in Earth Magic
   422 | D:1      | Reached XP level 3. HP: 21/25 MP: 3/6
   515 | D:1      | Learned a level 3 spell: Stone Arrow
  1197 | D:2      | Gained mutation: Your spells are a little easier to cast,
                  | but a little less powerful. [potion of mutation]
  1197 | D:2      | Gained mutation: You are resistant to hostile enchantments.
                  | (MR+) [potion of mutation]
  1197 | D:2      | Gained mutation: Scrolls take you a little longer to read.
                  | [potion of mutation]
  1197 | D:2      | Gained mutation: You are agile. (Dex +2) [potion of
                  | mutation]
  1273 | D:2      | Reached skill level 1 in Armour
  1365 | D:2      | Reached skill level 1 in Fighting
  1365 | D:2      | Reached XP level 4. HP: 23/32 MP: 1/8
  1877 | D:2      | HP: 1/32 [worker ant (5)]
  1878 | D:2      | Succumbed to a worker ant's poison

Skill      XL: |  1  2  3 |
---------------+----------+-----
Earth Magic    | 4 |  4.4
Dodging        | 2 |  2.0
Armour         | 1 |  1.1
Fighting       | 1 |  1.0
Stealth        | |  2.8
Spellcasting   | |  2.8
Conjurations   | |  0.7
Transmutations | |  1.1

Action                   |  1- 3 |  4- 6 || total
-------------------------+-------+-------++-------
Melee: Unarmed           |    19 |       ||    19
       Short sword       |    16 |    41 ||    57
 Cast: Sandblast         |    32 |       ||    32
       Stone Arrow       |     2 |     9 ||    11
  Use: Scroll            |     4 |       ||     4
       Potion            |     1 |       ||     1
  Eat: Chunk             |    17 |     3 ||    20
Armor: Robe              |     7 |     5 ||    12
       Leather armour    |       |     2 ||     2
Dodge: Dodged            |    25 |    20 ||    45
